 Dungeon Crawl Stone Soup version 0.31-a0-1202-ga8fea8b373 (webtiles) character file.

Game seed: 15198988970090581352

2496 kae the Sneak (level 9, -7/65 HPs)
             Began as a Demonspawn Enchanter on Dec 12, 2023.
             Was a Believer of Dithmenos.
             Mangled by an orc warrior
             ... wielding a +0 halberd
              (8 damage)
             ... in a bailey.
             The game lasted 00:09:08 (6857 turns).

kae the Sneak (Demonspawn Enchanter)                Turns: 6857, Time: 00:09:09

Health: -7/65      AC:  8    Str:  9    XL:     9   Next: 28%
Magic:  22/24      EV: 12    Int: 15    God:    Dithmenos [**....]
Gold:   461        SH:  0    Dex: 18    Spells: 5/16 levels left

rFire   . . .        l - +3 dagger (freeze)
rCold   . . .        (no shield)
rNeg    . . .        d - +1 leather armour
rPois   .            (no helmet)
rElec   .            D - +0 cloak
rCorr   .            h - +0 pair of gloves
SInv    .            (no boots)
Will    .....        g - amulet of regeneration
Stlth   ++++         W - ring of magical power
HPRegen 1.10/turn    (no ring)
MPRegen 0.19/turn

%: no passive effects
@: wreathed by umbra, invisible
A: yellow scales 1, foul stench 1, demonic magic 1, weakness stinger 1
a: Renounce Religion, Shadow Step


You were in a bailey.
You worshipped Dithmenos.
Dithmenos was pleased with you.
You visited 2 branches of the dungeon, and saw 8 of its levels.
You also visited: Bailey.

You collected 461 gold pieces.


Innate Abilities, Weirdness & Mutations

You are partially covered in yellow scales. (AC +2)
You may rarely emit foul miasma when damaged in melee.
Spells you cast may paralyse adjacent enemies.
You have a small tail.


   Skills:
 + Level 4.2 Fighting
 * Level 5.7 Short Blades
 + Level 3.7 Armour
 - Level 1.7 Dodging
 * Level 6.8 Stealth
 + Level 4.4 Spellcasting
 + Level 5.2 Hexes


You had 5 spell levels left.
You knew the following spells:

 Your Spells              Type           Power      Damage    Failure   Level
a - Ensorcelled Hibernat  Hex/Ice        22%        N/A       12%         2
b - Confusing Touch       Hex            19%        N/A       9%          3
c - Tukima's Dance        Hex            19%        N/A       9%          3
d - Dazzling Flash        Conj/Hex       22%        N/A       24%         3

Your spell library contained the following spells:

 Spells                   Type           Power      Damage    Failure   Level
 Necrotise                Necr           12%        1d4       24%         1
 Sting                    Tmut/Pois      12%        1d3       24%         1
 Poisonous Vapours        Pois/Air       6%         N/A       34%         2
 Wereblood                Tmut           3%         N/A       34%         2
 Vampiric Draining        Necr           3%         2d6       56%         3
 Olgreb's Toxic Radiance  Pois           3%         N/A       93%         4
 Agony                    Necr           3%         N/A       100%        5
 Irradiate                Conj/Tmut      1%         3d12      100%        5

Inventory:

Hand Weapons
 a - a +1 heavy dagger
 l - a +3 dagger of freezing (weapon)
   (You took it off a goblin on level 1 of the Dungeon)
Missiles
 e - 51 stones
 f - 12 poisoned darts
 r - 4 boomerangs
 t - 2 throwing nets {=f!f}
Armour
 b - a +0 robe
 d - a +1 leather armour (worn)
   (You found it on level 1 of the Dungeon)
 h - a +0 pair of gloves (worn)
   (You found it on level 2 of the Dungeon)
 C - a +0 buckler
   (You found it on level 7 of the Dungeon)
 D - a +0 cloak (worn)
   (You found it on level 6 of the Dungeon)
Jewellery
 g - an amulet of regeneration (around neck)
   (You took it off an orc on level 5 of the Dungeon)
 G - an amulet of guardian spirit
   (You found it on level 6 of the Dungeon)
 W - a ring of magical power (left hand)
   (You found it on level 6 of the Dungeon)
Wands
 j - a wand of polymorph (10)
   (You found it on level 5 of the Dungeon)
 n - a wand of iceblast (6)
   (You found it on level 6 of the Dungeon)
 x - a wand of digging (15)
   (You found it on level 5 of the Dungeon)
 A - a wand of quicksilver (6)
   (You took it off Ijyb on level 4 of the Dungeon)
Scrolls
 p - a scroll of acquirement
 y - 2 scrolls of teleportation {@r4}
 B - a scroll of poison {!r}
Potions
 c - a potion of invisibility
 i - 3 potions of might
 k - 2 potions of degeneration {!q}
 m - 2 potions of lignification {!q}
 o - a potion of magic
 q - 2 potions of haste {@q3}
 u - a potion of attraction {!q}
 v - 2 potions of curing {@q1}
 w - 2 potions of mutation {!q}
 z - a potion of enlightenment

Dungeon Overview and Level Annotations

Branches:
Dungeon (7/15) Zot: 26449  Temple (1/1) D:4 Zot: 5963  Bailey (1/1) Zot: 5863

Altars:
Ashenzari
Cheibriados
Dithmenos
Fedhas
Kikubaaqudgha
Nemelex Xobeh
Okawaru
Trog
Uskayaw
Vehumet
Wu Jian
Xom

Shops:
D:2

: ####### ############
##.....## ##.)......∩.##
#.......######.))).#......#
'..o##o.#.oo.#@..)###.....#
.'..o.8..'...ooo....8.....∩#
.'.o.##..#....#o...###.....#
.#.......######.....#......#
##.....## ##........∩.##
####### ############


You could see 2 orc warriors and 2 orcs.


Message History

😮 HP[+20] MP[+1]
You regained 20 hp, and now have 44/65 hp.
Casting: Ensorcelled Hibernation (safe; 12% risk of failure)
Confirm with . or Enter, or press ? or * to list all spells.
Aiming: Ensorcelled Hibernation (safe; 12% risk of failure)
Press: ? - help, Shift-Dir - straight line, f - orc warrior
Aim: an orc warrior, wielding a +0 glaive and wearing a +0 scale mail (umbra, chance to affect: 45%)
The orc warrior looks drowsy...
Malevolent energies surge around you. 😮 HP[+2] MP[-2]
You regained 2 hp, and now have 46/65 hp.
You lost 2 mp, and now have 19/24 mp.
Unknown command.
The orc hits you but does no damage.
The orc warrior hits you from afar with a +0 bardiche!
Your magical contamination has completely faded away. 😮 HP[-8]
You take 8 damage, and now have 38/65 hp.
You hit the orc warrior but do no damage.
Your tail-slap misses the orc warrior.
The orc barely misses you.
The orc warrior hits you from afar with a +0 bardiche.
* * * LOW HITPOINT WARNING * * *
😨 HP[-6]
You take 6 damage, and now have 32/65 hp.
Unknown command.
Okay, then.
You fade into invisibility!
The orc hits you from afar with a +0 spear.
* * * LOW HITPOINT WARNING * * *
The orc warrior closely misses you. x2; The orc warrior barely misses you.
You strike the helpless orc warrior from behind!
You impale the orc warrior!! You freeze the orc warrior!
You kill the orc warrior!
Dithmenos accepts your kill. The orc closely misses you.
The orc warrior closely misses you.
You closely miss the orc warrior. 😮 HP[+1] MP[+1]
You barely miss the orc warrior.
Your tail-slap misses the orc warrior. 😮 HP[+1]
You catch the helpless orc warrior completely off-guard!
You puncture the orc warrior! You freeze the orc warrior. 😮 HP[+1]
You barely miss the orc warrior.
You hit the orc warrior but do no damage.
The orc warrior closely misses you. x2 😮 HP[+1]
You hit the orc warrior. You freeze the orc warrior.
The orc warrior closely misses you.
The orc warrior barely misses you. 😮 HP[+1] Unknown command.
You completely miss the orc warrior.
The orc warrior hits you with a +0 bardiche!!
* * * LOW HITPOINT WARNING * * *
😨 HP[-17]
You take 17 damage, and now have 20/65 hp.
MASSIVE DAMAGE!! (PAUSE) Unknown command.
You hit the orc warrior but do no damage.
The orc warrior hits you but does no damage. 😨 HP[+1] MP[+1]
You hit the orc warrior but do no damage.
You tail-slap the orc warrior, but do no damage.
The orc warrior hits you from afar with a +0 halberd.
* * * LOW HITPOINT WARNING * * *
😨 HP[-4]
You take 4 damage, and now have 17/65 hp.
Unknown command.
You catch the helpless orc warrior completely off-guard!
You impale the orc warrior!! You freeze the orc warrior.
You kill the orc warrior!
Dithmenos accepts your kill.
The orc warrior closely misses you. 😨 HP[+1] Unknown command.
You hit the orc warrior. You freeze the orc warrior.
Your tail-slap misses the orc warrior.
The orc warrior barely misses you. 😨 HP[+1] Unknown command.
You hit the orc warrior. You freeze the orc warrior.
You tail-slap the orc warrior.
The orc warrior hits you from afar with a +0 halberd!
* * * LOW HITPOINT WARNING * * *
😱 HP[-9]
You take 9 damage, and now have 10/65 hp.
Unknown command.
You barely miss the orc warrior.
The orc warrior hits you with a +0 hand axe.
* * * LOW HITPOINT WARNING * * *
The orc hits you with a +0 war axe.
* * * LOW HITPOINT WARNING * * *
😱 HP[-7]
You take 7 damage, and now have 3/65 hp.
Unknown command.
You hit the orc warrior. You freeze the orc warrior.
Unknown command.
You feel better.
The orc warrior hits you with a +0 hand axe!
* * * LOW HITPOINT WARNING * * *
You emit a cloud of foul miasma!
The orc warrior hits you from afar with a +0 halberd!
You die...

Skill      XL: |  1  2  3  4  5  6  7  8 |
---------------+-------------------------+-----
Short Blades   | 1 2 3 4 5 |  5.7
Stealth        | 3 4 5 6 |  6.8
Fighting       | 1 2 3 4 |  4.2
Armour         | 1 2 3 |  3.7
Spellcasting   | 3 4 |  4.4
Hexes          | 4 5 |  5.2
Dodging        | |  1.7

Action                     |  1- 3 |  4- 6 |  7- 9 || total
---------------------------+-------+-------+-------++-------
  Melee: Dagger            |    95 |   186 |   261 ||   542
         Tailslap          |    10 |    18 |    37 ||    65
         Punch             |     3 |       |     4 ||     7
   Cast: Confusing Touch   |     1 |       |     2 ||     3
         Ensorcelled Hiber |       |    18 |    31 ||    49
    Use: Scroll            |     3 |    14 |     5 ||    22
         Potion            |       |     1 |     3 ||     4
   Stab: Sleeping          |     8 |    18 |    24 ||    50
         Confused          |     1 |       |     2 ||     3
         Invisible         |       |       |     3 ||     3
         Paralysed         |       |       |     1 ||     1
 Armour: Leather armour    |    45 |   132 |   170 ||   347
         Robe              |     1 |       |       ||     1
  Dodge: Dodged            |    48 |   108 |   148 ||   304

Levels and vault maps discovered:
D:1:      dpeg_arrival_round_b, layout_loops_ring, minmay_box_of_dots
D:2:      layout_loops_cross, serial_shops, shop, kennysheep_nondescript,
          kennysheep_flooded_box, minmay_puff, uniq_terence
D:3:      layout_basic, grunt_ministairs_10, feat_on_display
D:4:      layout_gridville, minmay_temple_entry_drinking_statues, uniq_ijyb
D:5:      lemuel_castle_with_subvaults [lemuel_castle_interior_carwin_2],
          layout_basic, gammafunk_temple_overflow_arena,
          hangedman_abyss_or_decor_stabs, pf_guarded_unrand_meek
D:6:      layout_rooms, nicolae_ashenzari_panopticon
D:7:      layout_gridville, lemuel_tele_altar, mainiacjoe_overflow_alcove_2,
          enter_bailey_2
Temple:   hellmonk_temple_forest_ring
Bailey:   bailey_polearm_5, bailey

Notes
Turn   | Place    | Note
-------+----------+-------------------------------------------
     0 | D:1      | kae the Demonspawn Enchanter began the quest for the Orb.
     0 | D:1      | Reached XP level 1. HP: 13/13 MP: 3/3
     0 | D:1      | magus.rc [v1.11.3]
    21 | D:1      | Reached skill level 1 in Short Blades
   227 | D:1      | Gained mutation: You have a small tail. [demonic ancestry]
   227 | D:1      | Reached XP level 2. HP: 8/20 MP: 5/5
   233 | D:1      | Learned a level 2 spell: Ensorcelled Hibernation
   279 | D:1      | You pick up a book of Changes and begin reading...
   279 | D:1      | You add the spells Wereblood and Irradiate to your library.
   363 | D:1      | Reached skill level 3 in Stealth
   365 | D:1      | HP: 5/20 [rat (1)]
   371 | D:1      | HP: 3/20 [rat (1)]
   503 | D:1      | Reached XP level 3. HP: 23/25 MP: 6/6
   516 | D:1      | Learned a level 3 spell: Confusing Touch
   683 | D:1      | You pick up a book of Necromancy and begin reading...
   683 | D:1      | You add the spells Necrotise, Vampiric Draining and Agony
                  | to your library.
   832 | D:2      | Reached skill level 1 in Fighting
  1184 | D:2      | Noticed Terence
  1190 | D:2      | Killed Terence
  1191 | D:2      | Reached skill level 2 in Short Blades
  1191 | D:2      | Gained mutation: You are partially covered in yellow
                  | scales. (AC +2) [demonic ancestry]
  1191 | D:2      | Reached XP level 4. HP: 19/32 MP: 3/7
  1289 | D:2      | Found Beroh's Book Emporium.
  1773 | D:2      | Identified a scroll of acquirement
  2042 | D:3      | Reached XP level 5. HP: 34/37 MP: 5/8
  2047 | D:3      | Reached skill level 1 in Armour
  2175 | D:3      | HP: 2/37 [orc/+2 hand axe of electrocution (14)]
  2571 | D:3      | You fall into a shaft and drop 3 floors!
  2577 | D:5      | Entered Level 5 of the Dungeon
  2641 | D:5      | Reached skill level 4 in Stealth
  2653 | D:5      | Gained mutation: You may rarely emit foul miasma when
                  | damaged in melee. [demonic ancestry]
  2653 | D:5      | Reached XP level 6. HP: 23/44 MP: 3/10
  2784 | D:5      | Reached skill level 2 in Fighting
  3053 | D:4      | Reached skill level 3 in Short Blades
  3417 | D:4      | Noticed Ijyb
  3427 | D:4      | Killed Ijyb
  3541 | D:4      | Found a staircase to the Ecumenical Temple.
  3761 | Temple   | Entered the Ecumenical Temple
  3779 | Temple   | Became a worshipper of Dithmenos the Shadowed
  3811 | D:4      | Learned a level 3 spell: Tukima's Dance
  3912 | D:5      | Noticed a water moccasin
  3924 | D:5      | Killed a water moccasin
  3925 | D:5      | Reached skill level 2 in Armour
  3925 | D:5      | Reached skill level 3 in Spellcasting
  3925 | D:5      | Reached XP level 7. HP: 44/51 MP: 0/11
  4253 | D:5      | Reached skill level 4 in Hexes
  4377 | D:5      | Reached skill level 5 in Stealth
  4387 | D:5      | Reached skill level 4 in Short Blades
  4418 | D:5      | Found the +7 staff of the Meek {protect, meekguard}
  4567 | D:5      | Reached skill level 3 in Fighting
  4647 | D:5      | Reached XP level 8. HP: 53/58 MP: 6/13
  4661 | D:5      | Reached * piety under Dithmenos
  5475 | D:5      | Learned a level 3 spell: Dazzling Flash
  5621 | D:6      | Reached skill level 3 in Armour
  5687 | D:6      | Found a broken altar of Ashenzari.
  5736 | D:6      | You add the spells Sting, Poisonous Vapours and Olgreb's
                  | Toxic Radiance to your library.
  5884 | D:6      | Reached skill level 6 in Stealth
  5890 | D:6      | Reached skill level 5 in Short Blades
  5890 | D:6      | Reached skill level 4 in Spellcasting
  6219 | D:7      | Reached ** piety under Dithmenos
  6238 | D:7      | Reached skill level 5 in Hexes
  6264 | D:7      | Reached skill level 4 in Fighting
  6264 | D:7      | Gained mutation: Spells you cast may paralyse adjacent
                  | enemies. [demonic ancestry]
  6264 | D:7      | Reached XP level 9. HP: 65/65 MP: 15/15
  6326 | D:7      | Found an ancient bone altar of Kikubaaqudgha.
  6410 | D:7      | Found a sparkling altar of Nemelex Xobeh.
  6705 | D:7      | Found a flagged portal.
  6712 | Bailey   | Entered a bailey
  6816 | Bailey   | Identified a +0 crystal plate armour
  6854 | Bailey   | HP: 10/65 [orc warrior/+0 halberd (10)]
  6855 | Bailey   | HP: 3/65 [orc/+0 war axe (5)]
  6857 | Bailey   | HP: 1/65 [orc warrior/+0 hand axe (10)]
  6857 | Bailey   | Mangled by an orc warrior

Vanquished Creatures
  A steam dragon (D:7)
  A water moccasin (D:5)
  2 black bears
  5 orc warriors
  An ice beast (D:5)
  2 sky beasts (D:7)
  An ogre (D:5)
  A phantom (D:6)
  A bullfrog (D:7)
  2 scorpions
  2 howler monkeys (D:5)
  6 hounds
  3 orc priests (D:5)
  3 iguanas
  Terence (D:2)
  A sleepcap (D:6)
  Ijyb (D:4)
  3 orc wizards
  7 adders
  20 gnolls
  2 white imps (D:7)
  2 ufetubi (D:3)
  2 dart slugs
  37 orcs
  10 endoplasms
  2 giant cockroaches
  8 goblins
  4 hobgoblins
  16 jackals
  2 quokkas (D:2)
  6 ball pythons
  6 bats
  2 frilled lizards (D:2)
  7 kobolds
  6 rats
176 creatures vanquished.

Table legend:
 A = Non-vault XP
 B = Vault XP
 C = Vault XP percentage of total XP
 D = Non-vault monster count
 E = Vault monster count
 F = Vault count percentage of total count
                 A         B        C        D         E       F
            +---------+---------+-------+---------+---------+-------
      Total |    1935 |    1631 |  45.7 |      93 |      83 |  47.2
            +---------+---------+-------+---------+---------+-------
        D:1 |      30 |      18 |  37.5 |      20 |       4 |  16.7
        D:2 |      54 |      46 |  46.0 |      13 |       7 |  35.0
        D:3 |     152 |       2 |   1.3 |      23 |       1 |   4.2
        D:4 |     152 |      35 |  18.7 |      11 |       1 |   8.3
        D:5 |     419 |     987 |  70.2 |      11 |      61 |  84.7
        D:6 |     441 |       0 |   0.0 |       6 |       0 |   0.0
        D:7 |     687 |       0 |   0.0 |       9 |       0 |   0.0
     Bailey |       0 |     543 | 100.0 |       0 |       9 | 100.0
            +---------+---------+-------+---------+---------+-------

Skill      XL: |  1  2  3  4  5  6  7  8 |
---------------+-------------------------+-----
Short Blades   | 1 2 3 4 5 |  5.7
Stealth        | 3 4 5 6 |  6.8
Fighting       | 1 2 3 4 |  4.2
Armour         | 1 2 3 |  3.7
Spellcasting   | 3 4 |  4.4
Hexes          | 4 5 |  5.2
Dodging        | |  1.7

Action                     |  1- 3 |  4- 6 |  7- 9 || total
---------------------------+-------+-------+-------++-------
  Melee: Dagger            |    95 |   186 |   261 ||   542
         Tailslap          |    10 |    18 |    37 ||    65
         Punch             |     3 |       |     4 ||     7
   Cast: Confusing Touch   |     1 |       |     2 ||     3
         Ensorcelled Hiber |       |    18 |    31 ||    49
    Use: Scroll            |     3 |    14 |     5 ||    22
         Potion            |       |     1 |     3 ||     4
   Stab: Sleeping          |     8 |    18 |    24 ||    50
         Confused          |     1 |       |     2 ||     3
         Invisible         |       |       |     3 ||     3
         Paralysed         |       |       |     1 ||     1
 Armour: Leather armour    |    45 |   132 |   170 ||   347
         Robe              |     1 |       |       ||     1
  Dodge: Dodged            |    48 |   108 |   148 ||   304

Illustrated notes

Table legend:
 A = Kills in this place as a percentage of kills in the entire game.
 B = Kills by you in this place as a percentage of kills by you in the entire game.
 C = Kills by friends in this place as a percentage of kills by friends in the entire game.
 D = Other kills in this place as a percentage of other kills in the entire game.
 E = Experience gained in this place as a percentage of experience gained in the entire game.
 F = Experience gained in this place divided by the number of levels of this place that you have seen.
                   A       B       C       D       E      F
               +-------+-------+-------+-------+-------+----------------------
         Total | 100.0 | 100.0 |   N/A |   N/A | 100.0 | 396.2
       Dungeon |  94.9 |  94.9 |   N/A |   N/A |  84.8 | 431.9
        Bailey |   5.1 |   5.1 |   N/A |   N/A |  15.2 | 543.0
               +-------+-------+-------+-------+-------+----------------------

Table legend: (Time is in decaauts)
 A = Elapsed time spent in this place.
 B = Non-inter-level travel time spent in this place.
 C = Inter-level travel time spent in this place.
 D = Time resting spent in this place.
 E = Time spent auto-exploring this place.
 F = Levels seen in this place.
 G = Mean time per level.
                   A        B        C        D        E       F      G
               +--------+--------+--------+--------+--------+-----+--------+
         Total |   6772 |   6364 |    408 |    102 |   4577 |   9 |  752.4 |
       Dungeon |   6600 |   6228 |    372 |     93 |   4511 |   7 |  942.9 |
        Temple |     36 |      1 |     35 |      0 |      0 |   1 |   36.0 |
        Bailey |    135 |    135 |      0 |      9 |     66 |   1 |  135.0 |
               +--------+--------+--------+--------+--------+-----+--------+

Top non-repeatable levels by time:
     D:5: 1852 daAuts
     D:2: 969 daAuts
     D:3: 961 daAuts
     D:1: 825 daAuts
     D:4: 802 daAuts
     D:6: 638 daAuts
     D:7: 550 daAuts
  Bailey: 135 daAuts
  Temple: 36 daAuts
